Map: Wytwórnia Kwasu ER

Players

lIlIlIlIlIlI (Strange) - Winner!

  • Race: Protoss Protoss
  • League: Grandmaster
  • Spawn Location: 11:00

Angry

  • Race: Terran Terran
  • League: Master
  • Spawn Location: 5:00

VOD

Have the link to the VOD?

Description

Time

  • Played on: June 12, 2018, 2:25 p.m.
  • Length: 10:14
Show
View Real Time Build Order
Export as new Build Order

lIlIlIlIlIlI Protoss - Winner!

Build Orders: 1 Gate Expand, Double Forge, Colossus Rush 

Get SALT Encoding   

  12  0:01  Probe  
  13  0:13  Probe  
  14  0:17  Pylon  
  14  0:24  Probe  
  15  0:32  Probe  
  15  0:37  Gateway  
  15  0:41  Probe  
  15  0:42  Assimilator  
  17  0:52  Probe  
  18  1:05  Probe  
  19  1:17  Probe  
  20  1:23  Nexus  
  20  1:35  Cybernetics Core  
  20  1:36  Probe  
  21  1:40  Assimilator  
  21  1:48  Probe  
  21  1:51  Pylon  
  22  2:00  Probe  
  23  2:01  Stalker  
  23  2:11  Warp Gate  
  23  2:12  Probe  
  26  2:24  Probe  
  26  2:25  Robotics Facility  
  27  2:32  Probe x2  
  29  2:40  Probe  
  29  2:42  Probe  
  29  2:43  Stalker  
  32  2:49  Probe  
  33  2:53  Probe  
  35  3:01  Probe  
  35  3:02  Probe  
  36  3:10  Probe  
  36  3:12  Observer  
  37  3:13  Probe  
  37  3:17  Gateway x2  
  37  3:19  Probe  
  39  3:25  Probe  
  41  3:28  Pylon  
  41  3:31  Probe  
  41  3:33  Observer  
  43  3:37  Probe  
  43  3:39  Shield Battery  
  43  3:40  Probe  
  44  3:42  Assimilator  
  44  3:43  Assimilator  
  44  3:48  Probe  
  45  3:49  Probe  
  45  3:55  Pylon  
  47  3:57  Observer  
  47  3:58  Probe  
  47  4:02  Robotics Bay, Probe  
  50  4:10  Probe  
  50  4:15  Stalker x3  
  57  4:27  Forge  
  57  4:28  Forge  
  57  4:33  Pylon  
  57  4:42  Protoss Ground Armor Level 1, Protoss Ground Weapons Level 1  
  57  4:48  Observer  
  57  4:51  Colossus  
  62  5:04  Gateway  
  62  5:05  Gateway  
  62  5:07  Gateway  
  62  5:12  Extended Thermal Lance  
  62  5:13  Zealot  
  62  5:14  Zealot  
  66  5:16  Pylon  
  66  5:20  Observer  
  66  5:22  Sentry  
  66  5:27  Pylon  
  68  5:36  Twilight Council  
  68  5:45  Colossus  
  68  5:49  Probe x2  
  76  5:51  Observer  
  76  6:00  Observer  
  76  6:03  Nexus  
  52  6:04  Charge, Pylon  
  76  6:08  Probe  
  76  6:10  Probe  
  78  6:11  Pylon  
  78  6:17  Protoss Ground Weapons Level 2, Protoss Ground Armor Level 2  
  78  6:22  Pylon  
  78  6:23  Probe x2  
  79  6:35  Probe  
  79  6:36  Probe  
  79  6:37  Pylon  
  79  6:39  Observer  
  82  6:45  Gateway  
  82  6:46  Gateway  
  82  6:48  Probe x2  
  83  6:59  Zealot x2  
  83  7:00  Zealot x3  
  93  7:05  Shield Battery  
  93  7:14  Colossus  
  99  7:18  Pylon  
  99  7:20  Probe x3  
  102  7:25  Sentry x3  
  102  7:27  Stalker  
  110  7:32  Probe, Stalker  
  110  7:33  Observer, Probe  
  114  7:38  Probe  
  116  7:44  Probe  
  116  7:45  Probe  
  116  7:46  Pylon  
  116  7:48  Pylon  
  116  7:50  Probe  
  118  7:56  Probe  
  118  7:58  Assimilator, Probe  
  120  7:59  Pylon  
  120  8:01  Immortal  
  120  8:02  Probe  
  120  8:03  Assimilator  
  125  8:17  Stalker x5  
  135  8:32  Pylon  
  135  8:34  Zealot x3  
  141  8:45  Zealot  
  141  8:46  Zealot x4  
  149  8:55  Pylon  
  149  8:58  Zealot x2  
  149  8:59  Zealot, Pylon  
  131  9:22  Stalker x6  
  135  9:28  Warp Prism  
  137  9:47  Zealot x5  
  137  9:48  Zealot x3  
  143  10:13  Zealot x8  
Show
View Real Time Build Order
Export as new Build Order

Angry Terran 

Build Orders: Reaper Expand, MMM Bio 

Get SALT Encoding   

  12  0:01  SCV  
  13  0:13  SCV  
  14  0:17  Supply Depot  
  14  0:25  SCV  
  15  0:39  SCV, Barracks  
  16  0:45  Refinery  
  16  0:51  SCV  
  17  1:03  SCV  
  18  1:15  SCV  
  19  1:27  Orbital Command, Reaper  
  20  1:42  Command Center  
  20  1:50  Supply Depot  
  20  1:53  SCV  
  21  1:59  Marine  
  22  2:05  SCV  
  23  2:11  Factory  
  23  2:15  Refinery  
  23  2:17  SCV  
  24  2:23  Barracks Reactor  
  24  2:29  SCV  
  25  2:41  SCV  
  26  2:53  SCV  
  26  2:56  Starport, Widow Mine  
  29  3:01  Marine x2  
  29  3:03  Orbital Command  
  31  3:07  SCV  
  32  3:13  Supply Depot  
  32  3:19  SCV, Marine x2  
  35  3:22  Factory Tech Lab  
  35  3:30  SCV  
  35  3:31  SCV  
  37  3:37  Marine x2  
  37  3:39  Starport Tech Lab  
  42  3:41  Siege Tank  
  42  3:42  SCV  
  42  3:44  Supply Depot  
  42  3:45  SCV  
  44  3:54  SCV  
  44  3:55  Marine x2  
  47  4:00  SCV  
  48  4:05  Raven  
  48  4:07  SCV  
  48  4:09  Barracks  
  51  4:11  Barracks  
  51  4:12  Marine  
  51  4:13  SCV, Marine  
  51  4:15  Supply Depot  
  54  4:20  SCV  
  55  4:27  SCV  
  55  4:28  Refinery  
  55  4:29  Engineering Bay  
  56  4:31  Marine x2  
  56  4:32  SCV  
  56  4:34  Factory Reactor  
  59  4:39  SCV  
  59  4:41  Supply Depot  
  59  4:44  SCV  
  61  4:51  SCV  
  62  4:58  SCV  
  63  5:04  SCV  
  63  5:07  Stimpack, Refinery  
  64  5:08  Marine x4  
  64  5:10  SCV, Starport Reactor  
  69  5:14  Command Center  
  69  5:16  Terran Infantry Weapons Level 1  
  69  5:19  SCV  
  70  5:25  SCV, Widow Mine x2  
  75  5:28  Supply Depot  
  75  5:31  Marauder  
  75  5:34  SCV  
  78  5:37  Supply Depot  
  78  5:50  Marine x2, Marauder  
  78  5:53  Bunker  
  78  5:55  Bunker  
  81  6:04  Barracks  
  81  6:05  Barracks  
  81  6:06  Siege Tank  
  81  6:07  SCV  
  85  6:13  SCV  
  85  6:14  Marine x5  
  85  6:16  Medivac  
  93  6:20  Supply Depot  
  93  6:25  Supply Depot  
  93  6:26  Medivac  
  95  6:33  Orbital Command  
  95  6:35  Marine x2  
  95  6:36  SCV  
  95  6:38  Siege Tank  
  101  6:40  Marine x2  
  101  6:44  SCV  
  104  6:48  Supply Depot  
  104  6:57  Barracks Tech Lab  
  104  6:58  Barracks Tech Lab  
  104  7:00  SCV  
  104  7:01  SCV  
  103  7:05  Orbital Command  
  103  7:06  Marine  
  103  7:07  Marine x2, Marauder  
  108  7:12  Terran Infantry Armor Level 1  
  108  7:13  SCV x2  
  110  7:16  Marine  
  110  7:17  Marauder  
  110  7:18  Siege Tank  
  110  7:19  Liberator  
  118  7:27  SCV  
  118  7:29  Marauder  
  119  7:33  SCV  
  119  7:34  SCV, Marine  
  119  7:35  Marine x2  
  119  7:36  Barracks Tech Lab  
  127  7:39  SCV, Marauder  
  127  7:43  Marine  
  131  7:45  Concussive Shells  
  131  7:49  SCV  
  131  7:50  Marine  
  133  7:53  Supply Depot x2  
  133  7:54  Marine  
  133  7:56  SCV, Engineering Bay, Armory  
  133  7:58  Refinery  
  135  7:59  Refinery  
  135  8:00  Combat Shields  
  135  8:07  Liberator x2  
  135  8:09  Marauder x3  
  141  8:14  Marine x4  
  141  8:16  SCV x2  
  141  8:17  SCV  
  154  8:31  Marauder x3  
  154  8:32  Marine x2  
  160  8:45  Marine  
  153  8:50  SCV, Siege Tank  
  153  8:52  Marauder  
  153  8:53  Marauder  
  161  8:59  Marine x2  
  163  9:05  SCV  
  163  9:06  Liberator x2  
  114  9:18  Marine  
  114  9:19  Marine, Marauder  
  114  9:20  Command Center  
  114  9:22  Siege Tank, Marine x2  
  114  9:23  Marauder x2  
  122  9:29  SCV x2  
  124  9:36  Marine  
  125  9:41  Marauder  
  125  9:43  Marine  
  125  9:44  Marine, Marauder x2  
  133  9:47  SCV  
  133  9:48  SCV  
  133  9:50  Marine  
  133  9:52  SCV  
  137  9:54  Marine  
  138  10:03  Barracks  
  138  10:05  Barracks  
  138  10:06  Barracks  
Tags
 
Add a new tag
Caveats
  • Supply blocks, unpowered buildings, or Contaminate may cause inaccurate times.
  • Supply counts are checked every 10 seconds.